cohdb
Replays
Latest Replays
All Replays
Popular Replays
Top Player Replays
Match Explorer
How It Works
Community
CoH3 Stats
Reddit
Sign in to upload your games and track your stats! →
Sign in with Steam
Match 43679424
Unlisted
Match 43679424
Overview
Messages
Build Orders
End
Pioneer Squad
Pioneer Squad
Construct Infanterie Kompanie
Grenadier Squad
MG 42 Machine Gun Team
Grenadier Squad
Medical Station
Infanterie Officer Quarters
Grenadier Squad
Construct Panzergrenadier Kompanie
Panzergrenadier Squad
Construct Panzer Kompanie
Pak 40 Anti-tank Gun Team
MG 42 Machine Gun Team
Panzer IV Medium Tank
Panzer Officer Quarters
Side Skirts
Selects Breakthrough Battlegroup
Selects Assault Grenadiers
Selects Breakthrough
Breakthrough
jgl
Gremchick
Граф Гематоген
Adek_CG
Butterfinger
amrid
0
0
Comments
sign in to comment!
No comments posted yet!